 Dungeon Crawl Stone Soup version 0.30-a0-857-gcaf70739d4 (webtiles) character file.

Game seed: 7720157349028935800

791 Rocko1345 the Grave Robber (level 7, -1/49 HPs)
             Began as a Demonspawn Necromancer on Mar 6, 2023.
             Engulfed by a steam dragon's steam (7 damage)
             ... on level 5 of the Dungeon.
             The game lasted 00:23:28 (5552 turns).

Rocko1345 the Grave Robber (Demonspawn Necromancer) Turns: 5552, Time: 00:23:28

Health: -1/49      AC:  6    Str: 14    XL:     7   Next: 57%
Magic:  11/13      EV: 12    Int: 26    God:
Gold:   196        SH:  0    Dex: 14    Spells: 3/14 levels left

rFire   . . .      SeeInvis .    s - staff of death
rCold   . . .      Faith    .    (no shield)
rNeg    + . .      Spirit   .    a - +2 robe
rPois   .          Reflect  .    c - +2 hat
rElec   .          Rampage  .    (no cloak)
rCorr   .                        (no gloves)
Will    .....                    (no boots)
Stlth   ++                       (no amulet)
HPRegen 0.28/turn                f - +6 ring of strength
MPRegen 0.13/turn                h - +6 ring of intelligence

@: no status effects
A: antennae 1, ignite blood 2, powered by death 1, big brain 1
a: no special abilities


You were on level 5 of the Dungeon.
You visited 1 branch of the dungeon, and saw 5 of its levels.
You also visited: Sewer.

You collected 232 gold pieces.
You spent 36 gold pieces at shops.

Inventory:

Hand Weapons
 d - a +0 whip
 e - a +0 vampiric dagger
 t - a +2 mace of distortion
Armour
 a - a +2 robe (worn)
 c - a +2 hat (worn)
 w - an orb of light
 G - the +0 robe of True Grit {Int+4}
   (You found it on level 5 of the Dungeon)

   Int:       It affects your intelligence (+4).
Magical Staves
 s - a staff of death (weapon)
Jewellery
 f - a +6 ring of strength (left hand)
 h - a +6 ring of intelligence (right hand)
 r - an amulet of guardian spirit
Wands
 p - a wand of mindburst (12)
 C - a wand of paralysis (4)
Scrolls
 i - 2 scrolls of blinking {unknown}
 k - a scroll of identify
 l - a scroll of silence
 o - a scroll of amnesia
 u - 4 scrolls of teleportation
 v - a scroll of immolation {unknown}
 y - a scroll of torment {unknown}
 A - a scroll of enchant weapon {unknown}
 F - a scroll of magic mapping {unknown}
Potions
 b - a potion of magic
 g - 6 potions of curing
 j - a potion of haste {unknown}
 m - 2 potions of invisibility
 n - a potion of lignification
 q - 2 potions of might
 x - 3 potions of flight
 z - a potion of brilliance {unknown}
 B - a potion of ambrosia {unknown}
 D - a potion of attraction {unknown}
 E - a potion of cancellation {unknown}


   Skills:
 + Level 1.7 Fighting
 + Level 0.1 Short Blades
 + Level 0.1(0.7) Maces & Flails
 + Level 1.2 Staves
 + Level 2.2 Dodging
 + Level 2.5 Stealth
 + Level 4.1 Spellcasting
 * Level 7.5 Necromancy
 * Level 2.9 Evocations


You had 3 spell levels left.
You knew the following spells:

 Your Spells              Type           Power      Damage    Failure   Level
a - Necrotise             Necr           100%       1d9       1%          1
b - Vampiric Draining     Necr           61%        2d10      1%          3
c - Animate Dead          Necr           61%        N/A       3%          4
d - Summon Guardian Gole  Hex/Summ       5%         N/A       26%         3

Your spell library contained the following spells:

 Spells                   Type           Power      Damage    Failure   Level
 Agony                    Necr           61%        N/A       11%         5
 Orb of Destruction       Conj           2%         9d5       100%        7
 Spellforged Servitor     Conj/Summ      2%         N/A       100%        7


Dungeon Overview and Level Annotations

Branches:
Dungeon (5/15)              Sewer (visited)
 Temple: D:4-7

Altars:
Dithmenos
Fedhas
Gozag
Okawaru
Wu Jian

Shops:
D:5 ?

Annotations:
D:4 2 runed translucent doors, hgbash's ghost, amateur DECj


Innate Abilities, Weirdness & Mutations

You have a pair of small antennae on your head.
Your demonic aura often causes spilled blood to erupt in flames.
You regenerate a little health from kills.
You have an unusually large brain. (Int +2)


Message History

There is an open door here.
The steam dragon hisses angrily.
The steam dragon breathes steam at you. The ball of steam misses you.
Aiming: Paralyse
Press: ? - help, Q - select action, (/) - cycle Shift-Dir - straight line, f - steam dragon
Aim: a steam dragon (chance to affect: 56%)
The steam dragon resists with significant effort.
Aiming: Paralyse
Press: ? - help, Q - select action, (/) - cycle Shift-Dir - straight line, f/p - steam dragon
Aim: a steam dragon (chance to affect: 56%)
The steam dragon resists with significant effort.
The steam dragon closely misses you. x2
Aiming: Paralyse
Press: ? - help, Q - select action, (/) - cycle Shift-Dir - straight line, f/p - steam dragon
Aim: a steam dragon (chance to affect: 56%)
The steam dragon resists with significant effort.
The steam dragon bites you but does no damage.
The steam dragon claws you but does no damage.
Casting: Vampiric Draining (safe; 1% risk of failure)
Confirm with . or Enter, or press ? or * to list all spells.
Aiming: Necrotise (safe; 1% risk of failure)
Press: ? - help, Shift-Dir - straight line, f/p - steam dragon
Aim: a steam dragon (chance to affect: 83%)
You feel a surge of power!
The steam dragon writhes in agony!
The steam dragon breathes steam at you. The ball of steam hits you!!
Casting: Necrotise (safe; 1% risk of failure)
Confirm with . or Enter, or press ? or * to list all spells.
Aiming: Necrotise (safe; 1% risk of failure)
Press: ? - help, Shift-Dir - straight line, f/p - steam dragon
Aim: a steam dragon (moderately wounded, catching its breath, chance to affect: 83%)
You feel a surge of power!
The steam dragon barely resists.
You are engulfed in a cloud of scalding steam.
The steam dragon barely misses you. The steam dragon claws you.
The steam dragon breathes steam at you. The ball of steam hits you!
* * * LOW HITPOINT WARNING * * *
You are engulfed in a cloud of scalding steam.
You die...

########.# #....§...# #.######D#
#.# #.# #........ #.######.#
#........# #..D§§##.# #........#
#####§##.# #........# #########
#@##.# #.....(..# ........#
#.##.# #........#
..[.....########.##.####......).#
........'..............'...>....#
........########.#######........#
..........# #.# #........#
#########.# #.# #........#
#.......#.# #.# #........#
......#.#.# ..# ####†#####


There were no monsters in sight!

Vanquished Creatures
  An ice beast (D:5)
  A phantom (D:4)
  A kobold brigand (D:5)
  A scorpion (D:4)
  A jelly (D:3)
  A hound (D:4)
  4 iguanas
  13 adders
  3 river rats (Sewer)
  A shadow imp (D:4)
  3 ufetubi (D:5)
  2 worms (D:2)
  6 dart slugs
  14 orcs
  10 ball pythons
  5 bats
  12 endoplasms
  7 giant cockroaches
  8 goblins
  7 hobgoblins
  A jackal (D:4)
  10 quokkas
  7 frilled lizards
  11 kobolds
  8 rats
138 creatures vanquished.

Vanquished Creatures (collateral kills)
  An orc (D:3)
  An endoplasm (D:2)
  A goblin (D:1)
3 creatures vanquished.

Vanquished Creatures (others)
  A fungus (D:3)
  7 plants (D:3)
8 creatures vanquished.

Grand Total: 149 creatures vanquished

Notes
Turn   | Place    | Note
-------+----------+-------------------------------------------
     0 | D:1      | Rocko1345 the Demonspawn Necromancer began the quest for
                  | the Orb.
     0 | D:1      | Reached XP level 1. HP: 13/13 MP: 3/3
   249 | D:1      | Gained mutation: Your demonic aura sometimes causes spilled
                  | blood to erupt in flames. [demonic ancestry]
   249 | D:1      | Reached XP level 2. HP: 12/19 MP: 3/5
   700 | D:1      | Gained mutation: You regenerate a little health from kills.
                  | [demonic ancestry]
   700 | D:1      | Reached XP level 3. HP: 20/24 MP: 6/6
  1361 | D:2      | Reached skill level 5 in Necromancy
  1567 | D:2      | Reached skill level 1 in Fighting
  1710 | D:2      | Gained mutation: You have a pair of small antennae on your
                  | head. [demonic ancestry]
  1710 | D:2      | Reached XP level 4. HP: 32/32 MP: 5/8
  2349 | D:3      | Found a faded altar of an unknown god.
  2509 | D:3      | Learned a level 3 spell: Vampiric Draining
  2577 | D:3      | Reached XP level 5. HP: 37/37 MP: 2/9
  2669 | D:3      | Found an opulent altar of Gozag.
  3222 | D:4      | Reached skill level 6 in Necromancy
  3224 | D:4      | Reached skill level 1 in Evocations
  3367 | D:4      | Found a faded altar of an unknown god.
  3367 | D:4      | Found a faded altar of an unknown god.
  3374 | D:4      | Gained mutation: You have an unusually large brain. (Int
                  | +2) [demonic ancestry]
  3374 | D:4      | Reached XP level 6. HP: 33/43 MP: 7/11
  3418 | D:4      | Found a shadowy altar of Dithmenos.
  3422 | D:4      | Found a blossoming altar of Fedhas.
  3536 | D:4      | Found a runed translucent door.
  3538 | D:4      | Noticed hgbash's ghost (amateur DECj)
  3611 | D:4      | Learned a level 4 spell: Animate Dead
  3799 | D:4      | Found a runed translucent door.
  4184 | D:5      | Entered Level 5 of the Dungeon
  4203 | D:5      | Noticed an ice beast
  4223 | D:5      | Reached skill level 1 in Staves
  4330 | D:5      | Found an iron altar of Okawaru.
  4330 | D:5      | Found an ornate altar of the Wu Jian Council.
  4504 | D:5      | Found a glowing drain.
  4507 | D:5      | Gained mutation: Your demonic aura often causes spilled
                  | blood to erupt in flames. [demonic ancestry]
  4507 | D:5      | Reached XP level 7. HP: 48/48 MP: 9/12
  4526 | Sewer    | Entered a sewer
  4551 | Sewer    | Reached skill level 7 in Necromancy
  5209 | D:5      | Found Ximuha's Magic Scroll Shop.
  5249 | D:5      | Bought a scroll of teleportation for 36 gold pieces
  5329 | D:5      | Learned a level 3 spell: Summon Guardian Golem
  5439 | D:5      | Noticed a steam dragon
  5449 | D:5      | Identified the +0 robe of True Grit {Int+4}
  5552 | D:5      | Engulfed by a steam dragon's steam

Illustrated notes

Levels and vault maps discovered:
D:1:      amcnicky_arrival_abandoned_market, layout_basic
D:2:      layout_rooms
D:3:      layout_loops_ring, elyvilon_altar_5, grunt_gozag_statues,
          shapermc_ecumenical_altar_mp_ritualfount
D:4:      minmay_spotlight, layout_rooms, chequers_temple_overflow_minitemple,
          ebering_ghost_sewer_f
D:5:      layout_basic, mainiacjoe_overflow_big_doors, gup_sewer_entry_pipe,
          serial_shops, nicolae_shop_statue_plus

Skill      XL: |  1  2  3  4  5  6  7 |
---------------+----------------------+-----
Stealth        | 2 |  2.5
Necromancy     | 5 6 7 |  7.5
Fighting       | 1 |  1.7
Spellcasting   | 3 4 |  4.1
Dodging        | 2 |  2.2
Evocations     | 1 2 |  2.9
Staves         | 1 |  1.2
Short Blades   | |  0.1
Maces & Flails | |  0.1

Action                     |  1- 3 |  4- 6 |  7- 9 || total
---------------------------+-------+-------+-------++-------
  Melee: Whip              |     9 |       |       ||     9
         Dagger            |    94 |       |       ||    94
         Staff             |       |   127 |    40 ||   167
         Punch             |       |     1 |       ||     1
   Cast: Necrotise         |    45 |    87 |    40 ||   172
         Vampiric Draining |       |     5 |     5 ||    10
         Animate Dead      |       |     2 |     1 ||     3
  Evoke: Wand              |       |       |     5 ||     5
    Use: Scroll            |       |    10 |     2 ||    12
         Potion            |       |     1 |       ||     1
   Stab: Sleeping          |     2 |       |     1 ||     3
 Armour: Robe              |    16 |    24 |    28 ||    68
  Dodge: Dodged            |    63 |   109 |    64 ||   236

Table legend: (Time is in decaauts)
 A = Elapsed time spent in this place.
 B = Non-inter-level travel time spent in this place.
 C = Inter-level travel time spent in this place.
 D = Time resting spent in this place.
 E = Time spent auto-exploring this place.
 F = Levels seen in this place.
 G = Mean time per level.
                   A        B        C        D        E       F      G
               +--------+--------+--------+--------+--------+-----+--------+
         Total |   5691 |   5568 |    123 |   1077 |   2629 |   6 |  948.5 |
       Dungeon |   5037 |   4914 |    123 |   1033 |   2506 |   5 | 1007.4 |
         Sewer |    654 |    654 |      0 |     44 |    123 |   1 |  654.0 |
               +--------+--------+--------+--------+--------+-----+--------+

Top non-repeatable levels by time:
     D:1: 1378 daAuts
     D:4: 1060 daAuts
     D:3: 981 daAuts
     D:5: 837 daAuts
     D:2: 779 daAuts
   Sewer: 654 daAuts
